 Dungeon Crawl Stone Soup version 0.28-a0-1624-g820543e53a (webtiles) character file.

Game seed: 10673667460031919740

575 frimble the Cutter (level 7, -4/50 HPs)
             Began as a Demonspawn Warper on Jan 23, 2022.
             Succumbed to an orc's poison
             ... on level 5 of the Dungeon.
             The game lasted 00:07:16 (5909 turns).

frimble the Cutter (Demonspawn Warper)              Turns: 5909, Time: 00:07:16

Health: -4/50      AC:  7    Str: 13    XL:     7   Next: 12%
Magic:  10/10      EV: 12    Int: 14    God:
Gold:   138        SH:  4    Dex: 13    Spells: 10/10 levels left

rFire   . . .      SeeInvis .   m - +2 dagger (elec)
rCold   . . .      Faith    .   (no shield)
rNeg    . . .      Spirit   .   b - +0 leather armour
rPois   .          Reflect  .   o - +0 helmet
rElec   .          Harm     .   (no cloak)
rCorr   +          Rampage  .   (no gloves)
Will    .....                   n - +0 pair of boots
Stlth   +.........              (no amulet)
HPRegen 0.16/turn               f - ring of resist corrosion
MPRegen 0.12/turn               (no ring)

@: lethally poisoned (-4 -> -27)
A: slimy green scales 1, powered by pain 1, condensation shield
a: no special abilities


You were on level 5 of the Dungeon.
You visited 1 branch of the dungeon, and saw 5 of its levels.

You collected 138 gold pieces.

Inventory:

Hand Weapons
 a - a +0 short sword
 h - a +2 dagger of protection
 k - a +2 antimagic short sword
 m - a +2 dagger of electrocution (weapon)
Armour
 b - a +0 leather armour (worn)
 n - a +0 pair of boots (worn)
 o - a +0 helmet (worn)
Jewellery
 f - a ring of resist corrosion (left hand)
 p - an amulet of regeneration
Scrolls
 c - a scroll of blinking
 e - 2 scrolls of identify
 i - a scroll of immolation
Potions
 d - a potion of flight
 g - a potion of magic
 j - 2 potions of attraction


   Skills:
 - Level 2.0 Fighting
 + Level 7.0 Short Blades
 - Level 0.8 Throwing
 - Level 0.8 Armour
 + Level 2.3 Dodging
 - Level 2.0 Spellcasting
 - Level 2.6 Translocations


You had 10 spell levels left.
You didn't know any spells.
Your spell library contained the following spells:

 Spells                   Type           Power      Damage    Failure   Level
 Blink                    Tloc           16%        N/A       16%         2
 Gell's Gravitas          Tloc           8%         N/A       30%         3
 Lesser Beckoning         Tloc           8%         N/A       30%         3
 Teleport Other           Tloc           8%         N/A       30%         3
 Manifold Assault         Tloc           8%         N/A       95%         5


Dungeon Overview and Level Annotations

Branches:
Dungeon (5/15)             Temple (0/1) D:4

Altars:
Fedhas

Annotations:
D:2 1 runed translucent door, Crazy Yiuf


Innate Abilities, Weirdness & Mutations

You are partially covered in slimy green scales. (AC +2)
You sometimes gain a little power by taking damage.
A meltable shield of frost defends you. (SH +4)


Message History

You feel very sick. You block the necrophage's attack.
You feel very sick.
You hit the orc.
The orc is lightly wounded.
You feel sick. The orc hits you but does no damage.
You are more poisoned.
You hit the orc.
The orc is heavily wounded.
You feel very sick.
The necrophage hits you but does no damage.
The orc barely misses you.
You hit the orc.
The orc is severely wounded.
You feel very sick. You block the necrophage's attack.
You hit the orc but do no damage.
The orc is severely wounded.
You feel sick.
The orc hits you with a +0 short sword of venom.
* * * LOW HITPOINT WARNING * * *
You are lethally poisoned!
You hit the orc but do no damage.
The orc is severely wounded.
* * * LOW HITPOINT WARNING * * *
You feel very sick.
The necrophage hits you but does no damage.
The orc hits you with a +0 short sword of venom.
* * * LOW HITPOINT WARNING * * *
You are more poisoned.
You hit the orc.
You kill the orc!
* * * LOW HITPOINT WARNING * * *
You feel very sick. The necrophage closely misses you.
Okay, then.
* * * LOW HITPOINT WARNING * * *
You feel very sick. The necrophage misses you.
You die...

..........
..........
.........#
.........#
.........# #..
#.......## #...
#....)..##....
##.[.n).......#
#.....@......#
##......)....##
#...$>.?....##
...###......# ..
#......# .
##......#
#.......## #.
#........## ##..
#....##....##...#


You could see a necrophage.

Vanquished Creatures
  Menkaure (D:4)
  A black bear (D:5)
  A scorpion (D:5)
  A jelly (D:4)
  An orc priest (D:5)
  An iguana (D:4)
  Jessica (D:2)
  An orc wizard (D:3)
  A hound skeleton (D:5)
  Robin (D:4)
  A gnoll (D:1)
  2 adders (D:3)
  2 shadow imps
  An ufetubus (D:4)
  A worm (D:3)
  9 orcs
  11 ball pythons
  6 endoplasms
  5 giant cockroaches
  17 goblins
  15 hobgoblins
  8 jackals
  3 quokkas
  8 bats
  5 frilled lizards
  2 kobolds
  2 rats
108 creatures vanquished.

Notes
Turn   | Place    | Note
-------+----------+-------------------------------------------
     0 | D:1      | frimble the Demonspawn Warper began the quest for the Orb.
     0 | D:1      | Reached XP level 1. HP: 16/16 MP: 3/3
    15 | D:1      | Reached skill level 2 in Short Blades
   327 | D:1      | Gained mutation: You sometimes gain a little power by
                  | taking damage. [demonic ancestry]
   327 | D:1      | Reached XP level 2. HP: 22/22 MP: 5/5
   375 | D:1      | Found a faded altar of an unknown god.
   651 | D:2      | Reached skill level 3 in Short Blades
  1108 | D:3      | Reached XP level 3. HP: 17/27 MP: 6/6
  1299 | D:2      | Found a blossoming altar of Fedhas.
  1322 | D:2      | Noticed Jessica
  1335 | D:2      | Killed Jessica
  1423 | D:2      | Reached XP level 4. HP: 24/33 MP: 7/7
  1524 | D:2      | Reached skill level 4 in Short Blades
  1700 | D:2      | Found a runed translucent door.
  1701 | D:2      | Noticed Crazy Yiuf
  3294 | D:4      | Noticed Robin
  3554 | D:3      | Gained mutation: You are partially covered in slimy green
                  | scales. (AC +2) [demonic ancestry]
  3554 | D:3      | Reached XP level 5. HP: 31/38 MP: 2/8
  3569 | D:3      | Reached skill level 5 in Short Blades
  3844 | D:3      | HP: 1/38 [rat (3)]
  4753 | D:4      | Killed Robin
  5113 | D:4      | Found a staircase to the Ecumenical Temple.
  5142 | D:4      | Noticed Menkaure
  5154 | D:4      | Noticed Ijyb
  5168 | D:4      | Killed Menkaure
  5169 | D:4      | Reached skill level 6 in Short Blades
  5169 | D:4      | Gained mutation: A meltable shield of frost defends you.
                  | (SH +4) [demonic ancestry]
  5169 | D:4      | Reached XP level 6. HP: 9/44 MP: 9/9
  5792 | D:5      | Entered Level 5 of the Dungeon
  5818 | D:5      | Reached XP level 7. HP: 45/50 MP: 10/10
  5900 | D:5      | Reached skill level 7 in Short Blades
  5908 | D:5      | HP: 1/50 [poisoned by an orc]
  5909 | D:5      | Succumbed to an orc's poison

Illustrated notes

Levels and vault maps discovered:
D:1:      dpeg_arrival_central, layout_rooms, shapermc_ecumenical_altar_ellora,
          minmay_misc_feat_tiny
D:2:      layout_rooms, basic_altar, st_stairs_2, grunt_decor_arrowhead,
          minivault_27, nicolae_figureground_pulse, uniq_crazy_yiuf_cottage,
          uniq_jessica
D:3:      layout_basic, minmay_misc_feat_x
D:4:      layout_layer_cave, minmay_temple_entry_glassed_door, uniq_menkaure,
          uniq_robin, uniq_ijyb
D:5:      layout_layer_cave, serial_shops, nicolae_shop_advertising_works
          [nicolae_subvault_shop_adworks]

Skill      XL: |  1  2  3  4  5  6  7 |
---------------+----------------------+-----
Short Blades   | 2 3 4 6 7 |  7.0
Dodging        | 2 |  2.3
Fighting       | |  2.0
Throwing       | |  0.8
Armour         | |  0.8
Spellcasting   | |  2.0
Translocations | |  2.6

Action                   |  1- 3 |  4- 6 |  7- 9 || total
-------------------------+-------+-------+-------++-------
Melee: Short sword       |   120 |   187 |       ||   307
       Punch             |     2 |     8 |       ||    10
       Dagger            |       |   101 |    26 ||   127
Throw: Boomerang         |     5 |       |       ||     5
  Use: Potion            |     3 |     1 |       ||     4
       Scroll            |     2 |     4 |       ||     6
Armor: Leather armour    |    58 |    90 |     9 ||   157
Dodge: Dodged            |   100 |   154 |    11 ||   265
Block: Other             |       |     2 |     5 ||     7

Table legend: (Time is in decaauts)
 A = Elapsed time spent in this place.
 B = Non-inter-level travel time spent in this place.
 C = Inter-level travel time spent in this place.
 D = Time resting spent in this place.
 E = Time spent auto-exploring this place.
 F = Levels seen in this place.
 G = Mean time per level.
                   A        B        C        D        E       F      G
               +--------+--------+--------+--------+--------+-----+--------+
         Total |   5858 |   5645 |    213 |    690 |   3968 |   5 | 1171.6 |
       Dungeon |   5858 |   5645 |    213 |    690 |   3968 |   5 | 1171.6 |
               +--------+--------+--------+--------+--------+-----+--------+

Top non-repeatable levels by time:
     D:3: 1826 daAuts
     D:2: 1562 daAuts
     D:4: 1191 daAuts
     D:1: 1174 daAuts
     D:5: 103 daAuts
